 Dungeon Crawl Stone Soup version 0.19-a0-1049-g462a813 (webtiles) character file.

1 Jmtri7 the Charlatan (level 1, -13/15 HPs)
             Began as a Formicid Artificer on July 31, 2016.
             Mangled by an ogre
             ... wielding a +0 giant club
              (14 damage)
             ... on level 15 of the Dungeon.
             The game lasted 00:01:02 (50 turns).

Jmtri7 the Charlatan (Formicid Artificer)             Turns: 50, Time: 00:01:03

Health: -13/15     AC:  3    Str: 16    XL:     1   Next: 22%
Magic:  3/3        EV: 11    Int: 10    God:
Gold:   0          SH:  0    Dex: 11    Spells: 0 memorised, 0 levels left

rFire  . . .     SeeInvis +     a - +0 short sword
rCold  . . .     Gourm    .     b - +0 leather armour
rNeg   . . .     Faith    .     (no shield)
rPois  .         Spirit   .     (helmet unavailable)
rElec  .         Dismiss  .     (no cloak)
rCorr  .         Reflect  .     (no gloves)
SustAt .         Harm     .     (no boots)
MR     .....                    (no amulet)
Stlth  +.........               (no ring)
                                (no ring)

@: not resistant to hostile enchantments, very unstealthy
A: permanent stasis, dig shafts and tunnels, four strong arms, antennae 3
a: Dig, Shaft Self


You were on level 15 of the Dungeon.
You were not hungry.

You visited 1 branch of the dungeon, and saw 9 of its levels.

Inventory:

Hand Weapons
 a - a +0 short sword (weapon)
Armour
 b - a +0 leather armour (worn)
Wands
 c - a wand of flame (15/48)
 d - a wand of enslavement (11/24)
 e - a wand of random effects (15/48)
Comestibles
 f - a bread ration
 h - a beef jerky


   Skills:
 + Level 1.3 Fighting
 - Level 1.0 Short Blades
 - Level 1.7 Dodging
 - Level 1.2 Stealth
 - Level 3.2 Evocations


You couldn't memorise any spells.
You didn't know any spells.

Dungeon Overview and Level Annotations

Branches:
Dungeon (10/15)
 Temple: D:4-7         Lair: D:8-11         Orc: D:9-12

Altars:
Elyvilon


Innate Abilities, Weirdness & Mutations

You are under a permanent stasis effect.
You can dig through walls and to a lower floor.
Your four strong arms can wield two-handed weapons with a shield.
You have a pair of large antennae on your head. (SInv)


Message History

The ogre barely misses you.
Zapping:
d - a wand of enslavement (13/24)
Press: ? - help, Shift-Dir - straight line, f - ogre, p - two-headed ogre
Aim: an ogre, wielding a giant club (chance to defeat MR: 52%)
The ogre is charmed.
This wand has 12 charges left.
The ogre barely misses your ogre mage. The ogre barely misses you.
The ogre hits you with a giant club.
* * * LOW HITPOINT WARNING * * *
The two-headed ogre hits your two-headed ogre but does no damage.
The two-headed ogre hits your two-headed ogre with a giant spiked club!
The ogre hits your ogre with a giant club!!
Your ogre mage hits the ogre. 2 vampire mosquitoes come into view.
Zapping:
d - a wand of enslavement (12/24)
Press: ? - help, Shift-Dir - straight line, f - ogre, p - ogre
Aim: an ogre, wielding a giant club (chance to defeat MR: 52%)
The ogre resists with significant effort.
This wand has 11 charges left.
The ogre hits you with a giant club!
Ouch! That really hurt!
You die...

#.......#
#.......#
#.......#
#.......#
#.......#
#.......#
####....O..####
.......@OO..y..
......OOO....y.
.......O.O.....
...............
...............
...............
...............
####.......####


You could see a two-headed ogre, 2 vampire mosquitoes, 4 ogres, a friendly ogre
mage, a friendly two-headed ogre and a friendly ogre.

Vanquished Creatures
  A quokka (D:8)
1 creature vanquished.

Notes
Turn   | Place    | Note
-------+----------+-------------------------------------------
     0 | D:1      | Jmtri7 the Formicid Artificer began the quest for the Orb.
     0 | D:1      | Reached XP level 1. HP: 15/15 MP: 3/3
     9 | D:1      | You fall through a shaft!
    12 | D:2      | You fall through a shaft!
    15 | D:3      | You fall through a shaft!
    19 | D:4      | You fall through a shaft for 3 floors!
    22 | D:7      | You fall through a shaft!
    22 | D:8      | Found a white marble altar of Elyvilon.
    40 | D:8      | You fall through a shaft for 2 floors!
    40 | D:10     | Entered Level 10 of the Dungeon
    40 | D:10     | Noticed a giant frog
    43 | D:10     | You fall through a shaft for 3 floors!
    43 | D:13     | Noticed an orc wizard
    46 | D:13     | You fall through a shaft for 2 floors!
    46 | D:15     | Entered Level 15 of the Dungeon
    46 | D:15     | Noticed an ogre mage
    46 | D:15     | Noticed an ogre
    46 | D:15     | Noticed an ogre
    46 | D:15     | Noticed an ogre
    46 | D:15     | Noticed a two-headed ogre
    46 | D:15     | Noticed a two-headed ogre
    46 | D:15     | Noticed an ogre
    46 | D:15     | Noticed an ogre
    50 | D:15     | Noticed a vampire mosquito
    50 | D:15     | Noticed a vampire mosquito
    50 | D:15     | Mangled by an ogre

Vault maps used:
D:1:      dpeg_arrival_central
D:2:      lemuel_doored_altar, lemuel_crystal_altar, ecumenical_altar_2
D:3:      tgw_sif, marbit_many_paths, nicolae_overflow_hidden_temple,
          uniq_robin, uniq_grinder, uniq_crazy_yiuf_cottage, uniq_jessica
D:4:      evilmike_ruin_ashenzari, hangedman_decor_clover_reticule,
          fedhas_altar_2
D:8:      grunt_temple_overflow_champion_of_chaos, serial_shops,
          nicolae_shop_behind_doors, hangedman_ranch, elyvilon_altar_1,
          uniq_grum, uniq_erica
D:10:     minmay_lair_entry_lava, erik_orc_2, serial_shops, shop,
          nicolae_trove_entry_crossroad
D:13:     david_vaults_2, hangedman_tell_no_tales
D:15:     gammafunk_enter_depths_forms, uniq_josephine

Action                   || total
-------------------------++-------
Melee: Short sword       ||    10
 Abil: Shaft Self        ||     8
Evoke: Wand              ||     4
  Use: Scroll            ||     2
Armor: Leather armour    ||     4
Dodge: Dodged            ||    10
